AoeStats
← schmidmaseb

MegaRandom

510769793Analyzed
4v4 RM · 1d ago on Oct 2, 2026· 44m 21s· 8 players
Game mode
Random Map
Map size
Large (8 player)
Population
200
Speed
Normal
Resources
Standard
Victory
Conquest
Starting age
Dark Age
Ending age
Imperial Age
RankedLock teamsTeams togetherTeam positionsShared explorationLock speedFull tech treeHidden civsTurbo modeCheats
Victory
Defeat
🇪🇸 Italians · Spain
1181
+12
🇩🇪 Khmer · Germany
1167
+13
🇵🇱 Poles · Poland
1139
+14
🇬🇷 Mongols · Greece
1127
+15
🇨🇳 Aztecs · China
1158
-16
🇨🇳 Franks · China
1122
-14
🇨🇳 Ethiopians · China
1064
-12
🇨🇳 Persians · China
1048
-12
老头
11:27 Feudal Age
13:40 Loom
17:59 Castle Age
16:20 Double-Bit Axe
18:32 Fishing Lines
20:30 Bow Saw
24:48 Wheelbarrow
25:17 Gillnets
26:58 Scale Barding Armor
28:20 Chain Barding Armor
29:41 Forging
31:04 Hand Cart
31:40 Gold Mining
32:58 Gold Shaft Mining
32:45 Husbandry
35:52 Iron Casting
38:48 Imperial Age
38:54 Cavalier
40:12 Plate Barding Armor
40:38 Blast Furnace
41:19 Coinage
40:15 Paladin
42:30 Banking
ouujkj
9:04 Loom
11:58 Feudal Age
16:43 Castle Age
15:14 Double-Bit Axe
15:56 Horse Collar
17:53 Elite Skirmisher
19:51 Fletching
23:33 Bow Saw
28:14 Bodkin Arrow
30:06 Pikeman
32:32 Wheelbarrow
32:49 Padded Archer Armor
37:41 Imperial Age
36:09 Leather Archer Armor
36:17 Ballistics
36:49 Gold Mining
36:50 Stone Mining
37:53 Redemption
38:02 Fervor
38:13 Hand Cart
39:04 Atlatl
39:54 Conscription
40:24 Bracer
41:30 Chemistry
HUOHUO
10:14 Loom
12:27 Feudal Age
16:51 Castle Age
17:11 Double-Bit Axe
18:11 Bow Saw
22:44 Wheelbarrow
23:53 Scale Mail Armor
25:52 Chain Mail Armor
29:24 Forging
32:34 Fletching
33:37 Thumb Ring
34:20 Hand Cart
34:17 Squires
33:40 Crossbowman
34:50 Ballistics
36:17 Iron Casting
36:59 Bodkin Arrow
37:06 Elite Skirmisher
40:46 Imperial Age
39:11 Padded Archer Armor
40:30 Leather Archer Armor
41:06 Arbalester
41:49 Bracer
42:04 Town Watch
43:55 Ring Archer Armor
44:44 Chemistry
fyerlang
9:44 Loom
11:30 Feudal Age
17:13 Castle Age
15:46 Double-Bit Axe
15:44 Horse Collar
17:49 Bloodlines
18:41 Bow Saw
21:37 Wheelbarrow
24:30 Hand Cart
24:53 Husbandry
30:30 Scale Barding Armor
30:35 Forging
39:01 Imperial Age
36:37 Gold Mining
36:38 Stone Mining
38:38 Iron Casting
39:38 Chain Barding Armor
40:53 Two-Man Saw
40:23 Heavy Plow
40:18 Cavalier
jkeR.!
1:44 Loom
10:20 Feudal Age
10:21 Loom
18:44 Castle Age
17:37 Double-Bit Axe
17:33 Horse Collar
18:49 Bloodlines
19:30 Stone Mining
22:14 Light Cavalry
24:24 Gold Mining
24:36 Heavy Plow
25:58 Scale Barding Armor
26:42 Wheelbarrow
31:38 Forging
31:48 Chain Barding Armor
32:05 Szlachta Privileges
32:49 Hand Cart
36:50 Imperial Age
35:16 Husbandry
36:31 Bow Saw
36:59 Stone Shaft Mining
37:26 Iron Casting
38:14 Crop Rotation
37:11 Cavalier
37:12 Winged Hussar
38:33 Conscription
38:37 Lechitic Legacy
41:17 Blast Furnace
40:41 Elite Obuch
schmidmaseb
12:18 Feudal Age
15:20 Castle Age
13:11 Double-Bit Axe
13:39 Horse Collar
16:16 Bow Saw
16:07 Gold Mining
19:52 Heavy Plow
20:26 Bloodlines
21:04 Husbandry
21:55 Wheelbarrow
21:57 Scale Barding Armor
25:52 Chain Barding Armor
26:57 Forging
27:50 Loom
42:14 Iron Casting
46:38 Imperial Age
[KBRA] Oeseka
4:16 Loom
10:52 Feudal Age
11:38 Double-Bit Axe
17:53 Fletching
22:24 Castle Age
22:16 Gold Mining
22:40 Crossbowman
23:49 Bodkin Arrow
24:28 Padded Archer Armor
26:05 Bow Saw
27:38 Leather Archer Armor
31:17 Ballistics
37:34 Imperial Age
35:40 Wheelbarrow
35:15 Thumb Ring
37:40 Arbalester
38:44 Bracer
39:30 Conscription
40:08 Hand Cart
41:23 Ring Archer Armor
43:37 Chemistry
44:09 Horse Collar
gpal23
6:44 Loom
12:35 Feudal Age
13:26 Horse Collar
17:49 Castle Age
15:57 Double-Bit Axe
19:08 Bow Saw
27:31 Fletching
28:33 Ballistics
28:49 Wheelbarrow
30:16 Pikeman
30:57 Bodkin Arrow
31:02 Padded Archer Armor
32:09 Scale Barding Armor
32:17 Forging
33:10 Hand Cart
34:01 Thumb Ring
35:14 Iron Casting
34:55 Leather Archer Armor
34:59 Masonry
35:06 Heavy Plow
37:17 Chain Barding Armor
41:01 Imperial Age
39:04 Murder Holes
39:35 Scale Mail Armor
41:15 Elite Mangudai
41:19 Heavy Cavalry Archer
42:27 Parthian Tactics
42:18 Bracer
44:17 Conscription
45:24 Blast Furnace
44:39 Chain Mail Armor
Connection lost

Rejoining the realm…

Still unreachable

The connection could not be restored.

Session expired

The server has moved on; the page needs a fresh start.